 Dungeon Crawl Stone Soup version 0.21.1-1-g345015fe64 (webtiles) character file.

56 Kejsarherre the Cudgeler (level 3, -5/28 HPs)
             Began as a Demonspawn Gladiator on May 10, 2018.
             Slain by a gnoll
             ... wielding a +0 spear
              (6 damage)
             ... on level 1 of the Dungeon.
             The game lasted 00:01:46 (1534 turns).

Kejsarherre the Cudgeler (Demonspawn Gladiator)     Turns: 1534, Time: 00:01:47

Health: -5/28      AC: 10    Str: 14    XL:     3   Next: 69%
Magic:  3/3        EV: 12    Int: 10    God:
Gold:   53         SH:  0    Dex: 14    Spells: 2/2 levels left

rFire    . . .     SeeInvis .   a - +0 flail
rCold    . . .     Gourm    .   (no shield)
rNeg     . . .     Faith    .   k - +0 ring mail
rPois    .         Spirit   .   c - +0 helmet
rElec    .         Reflect  .   (no cloak)
rCorr    .         Harm     .   b - +0 pair of gloves
MR       .....                  (no boots)
Stlth    +.........             (no amulet)
HPRegen  0.09/turn              (no ring)
MPRegen  0.08/turn              (no ring)

@: no status effects
A: slimy green scales 2, mutation resistance 1
a: no special abilities


You were on level 1 of the Dungeon.
You were not hungry.

You visited 1 branch of the dungeon, and saw 2 of its levels.

You collected 53 gold pieces.

Inventory:

Hand Weapons
 a - a +0 flail (weapon)
Missiles
 d - 3 throwing nets (quivered)
Armour
 b - a +0 pair of gloves (worn)
 c - a +0 helmet (worn)
 k - a +0 ring mail (worn)
Scrolls
 e - a scroll of fear {unknown}
 h - a scroll of enchant armour {unknown}
 l - a scroll of identify {unknown}
 n - a scroll of immolation {unknown}
Comestibles
 f - 2 rations
 m - 2 chunks of flesh


   Skills:
 * Level 2.8 Fighting
 * Level 3.3 Maces & Flails
 - Level 1.7 Throwing
 + Level 1.0 Armour
 + Level 3.0 Dodging


You had 2 spell levels left.
You didn't know any spells.

Dungeon Overview and Level Annotations

Branches:
Dungeon (2/15)

Altars:


Innate Abilities, Weirdness & Mutations

You are mostly covered in slimy green scales. (AC +3)
You are somewhat resistant to further mutation.


Message History

You feel genetically stable. The gnoll hits you with a flail.
The gnoll hits you but does no damage.
The gnoll hits you from afar with a spear!
* * * LOW HITPOINT WARNING * * *
It was a potion of cancellation.
You feel magically purged. The gnoll hits you but does no damage.
The gnoll barely misses you. The gnoll misses you.
It was a potion of magic.
Magic courses through your body. The gnoll hits you with a spear.
* * * LOW HITPOINT WARNING * * *
The gnoll barely misses you. The gnoll misses you.
You closely miss the gnoll. The gnoll misses you.
The gnoll barely misses you. x2
You closely miss the gnoll. The gnoll barely misses you. x2
The gnoll hits you but does no damage. The gnoll barely misses you.
You sock the gnoll!
The gnoll is heavily wounded.
The gnoll hits you but does no damage. The gnoll hits you with a flail.
* * * LOW HITPOINT WARNING * * *
The gnoll hits you with a spear.
You die...

######...# ## #...#######
.# #.........# .#
#...#####.# .# #....# #.#
.# #....## #.# .# #.....#
#.# .#####.###.###.###
..............Kg@#
.......###..####g#
#.#########.## #g#
.............# #.#
#########....###.#
#.......##....##.##########
..######.##...##.##.......#
##.....##.##..##..........#
#.#####.##.#...#..........#


You could see 3 gnolls and a kobold.

Vanquished Creatures
  A gnoll (D:1)
  An adder (D:2)
  A leopard gecko (D:1)
  A giant cockroach (D:1)
  4 goblins (D:1)
  7 hobgoblins
  6 jackals (D:1)
  A quokka (D:2)
  4 bats (D:1)
  2 frilled lizards (D:1)
  A kobold (D:1)
  3 rats (D:1)
32 creatures vanquished.

Notes
Turn   | Place    | Note
-------+----------+-------------------------------------------
     0 | D:1      | Kejsarherre the Demonspawn Gladiator began the quest for the Orb.
     0 | D:1      | Reached XP level 1. HP: 16/16 MP: 1/1
   491 | D:1      | Gained mutation: You are partially covered in slimy green scales. (AC +2) [demonic ancestry]
   491 | D:1      | Reached XP level 2. HP: 22/22 MP: 2/2
   894 | D:1      | Gained mutation: You are mostly covered in slimy green scales. (AC +3) [demonic ancestry]
   894 | D:1      | Reached XP level 3. HP: 24/28 MP: 3/3
  1406 | D:1      | Reached skill level 1 in Armour
  1529 | D:1      | Gained mutation: You are somewhat resistant to further mutation. [potion of mutation]
  1534 | D:1      | HP: 1/28 [gnoll/flail (3)]
  1534 | D:1      | Slain by a gnoll

Skill      XL: |  1  2  3 |
---------------+----------+-----
Maces & Flails | 3 |  3.3
Dodging        | 3 |  3.0
Armour         | 1 |  1.0
Fighting       | |  2.8
Throwing       | |  1.7

Action                   || total
-------------------------++-------
Melee: Flail             ||   115
  Use: Potion            ||     3
  Eat: Chunk             ||     2
Armor: Leather armour    ||    27
       Ring mail         ||    40
Dodge: Dodged            ||    99
